Dusk, neutral female human Wizard --- --- --- ------- ---.-- ----.-- --.--- -------- ---.....| --.....| ..|....| |....-- --- |......----- |.......-- --..^...-- -.....-----....|--.--- |..........-- --........----......>.| --......|.--....||....| --..........| --....................-- |^.............----...| ---.....|..| |.............-.. ...-----------.---.....%...| --.--- --------.-.---..-- --%%.).......... ......................%....---..| --..........||....| |.).%).... .-- -.--------.--------..%%........| |..-----..---|....| --.---f@.. . |..(.--- |..|........%-- |..| |..| ---.-- --- --... |......----.---)........| |.-- ---- --- |... |.......--.----.........| |.| --. --....<......|..........-------- |.| ----......................%....)..| |.| |.......---....).)---......------.--|.| |......-- -----.----........(...|...|.| ---...-- -----.....---.....|--.|.| --.-- |.....-- ----..| |...| --- --....| ---- --..| |..--- |..| ---- ---- Dusk the Thaumaturge Experience level: 9 Strength: 12 Dexterity: 19 Constitution: 15 Intelligence: 17 Wisdom: 8 Charisma: 11 Health: 0(71) Energy: 19(81) AC: 1 Gold: 571 Moves: 3861 Your Inventory: Coins $ - 571 gold pieces Amulets C - an uncursed amulet of reflection (being worn) I - an uncursed amulet of unchanging Weapons a - a blessed +3 quarterstaff (weapon in hands) r - a [blessed +1] thirsty dagger Armor b - an uncursed +0 cloak of magic resistance (being worn) x - an uncursed +3 helmet (being worn) z - a [blessed] +2 pair of speed boots (being worn) B - an [uncursed] +0 pair of old gloves [gauntlets of dexterity] (being worn) R - an [uncursed] +0 dwarvish mithril-coat Comestibles W - 3 uncursed food rations Scrolls j - an uncursed scroll of light y - a [cursed] unlabeled scroll [of blank paper] A - an [uncursed] scroll of identify Potions f - a blessed potion of invisibility g - an uncursed potion of oil h - an uncursed potion of sleeping o - an [uncursed] dark green potion [of blindness] p - a cursed potion of invisibility u - an [uncursed] yellow potion [of fruit juice] E - an uncursed golden potion [of restore ability] M - an uncursed cloudy potion [of polymorph] Y - an [uncursed] pink potion [of extra healing] Rings d - an uncursed ring of stealth e - an uncursed ring of warning v - a [cursed] citrine ring [of teleportation] L - a blessed +2 ring of gain dexterity (on left hand) Q - an uncursed [+1] jade ring [of increase accuracy] Wands c - an uncursed wand of slow monster (0:3) J - an uncursed wand of digging [0:5] P - an uncursed wand of digging [0:6] U - an uncursed silver wand [of enlightenment (0:14)] Tools i - an [uncursed] towel m - an uncursed magic marker (0:54) n - an uncursed blindfold s - 2 [uncursed wax] candles X - 3 uncursed partly used [wax] candles (lit) (0:36) Gems k - an [uncursed] stone called touchstone [touchstone] w - an [uncursed] gray stone [flint] Spells known in the end: Name Level Category Fail Memory a - force bolt 1 attack 0% [|||||||.] b - extra healing 3 healing 86% [|||||||.] Your skills at the end: Fighting Skills Weapon Skills quarterstaff [Skilled / Expert] Spellcasting Skills attack spells [Basic / Expert] enchantment spells [Basic / Skilled] Final Attributes: You were piously aligned. Hunger level was 358. Your alignment was 29 / 29. Monster difficulty range was 1 - 10. Level difficulty was 11. You were magic-protected. You were telepathic. You were very fast. You had reflection. Your luck was zero. Thoth was angry with you (1). You are dead. Vanquished creatures: a large mimic a giant mummy a small mimic a flaming sphere a human mummy a crocodile 4 wolves 2 leprechauns a horse 2 gnome kings a werewolf a dog a gnome mummy 2 water moccasins a human zombie an imp 2 water nymphs 2 Mordor orcs 4 enormous rats 2 yellow lights a shrieker 13 gnome lords 5 gnomish wizards a gray ooze 2 floating eyes 14 dwarves a homunculus a kobold shaman 3 rothes a giant bat 3 monkeys a werejackal an iguana 11 killer bees an acid blob 4 hobbits a cave spider a brown mold a red mold 57 gnomes 2 geckos 7 jackals a goblin a sewer rat 5 grid bugs 2 lichens a newt 174 creatures vanquished. Voluntary challenges: You used a wielded weapon 248 times. You read items or engraved 7 times. You put on armor 19 times. You never genocided any monsters. You never polymorphed an object. You never changed form. You used no wishes. You abstained from Elbereth's help. You never encountered a bones level. You never used any Sokoban shortcuts. Dungeon overview: The Dungeons of Doom: levels 1 to 5 Level 1 a sink a long staircase Level 2 an armor shop Level 3 a delicatessen Level 4 stairs to The Gnomish Mines Level 5 a general store, some fountains, a sink The Gnomish Mines: levels 5 to 11 Level 5 stairs to The Dungeons of Doom Level 7 many shops, a temple, a magic chest, a fountain Level 11 <- You were here History has recorded: On T:1 you entered the Dungeons of Doom to retrieve the Amulet of Yendor! On T:307 you reached level 2 of The Dungeons of Doom. On T:692 you advanced to experience level 2. On T:807 you reached level 3 of The Dungeons of Doom. On T:810 you advanced to experience level 3. On T:1030 you advanced to experience level 4. On T:1091 you reached level 4 of The Dungeons of Doom. On T:1160 you reached level 5 of The Dungeons of Doom. On T:1187 you advanced to experience level 5. On T:1616 you advanced to experience level 6. On T:2193 you reached level 1 of The Gnomish Mines. On T:2347 you advanced to experience level 7. On T:2597 you advanced to experience level 8. On T:2750 you reached level 2 of The Gnomish Mines. On T:2788 you reached level 3 of The Gnomish Mines. On T:3164 you reached level 4 of The Gnomish Mines. On T:3303 you advanced to experience level 9. On T:3341 you reached level 5 of The Gnomish Mines. On T:3496 you reached level 6 of The Gnomish Mines. On T:3652 you reached level 7 of The Gnomish Mines. Latest messages: The panther bites! [HP-5=23] The spell hits the panther! The spell hits the panther! The panther hits! (2x) The panther bites! [HP-8=15] The spell misses the panther. The panther hits! The panther misses. The panther bites! [HP-13=2] You begin praying to Thoth. The panther hits! You die... Final status: Goodbye Dusk the Wizard... You died in The Gnomish Mines on dungeon level 11 with 9226 points, and 571 pieces of gold, after 3861 moves. You were level 9 with a maximum of 71 hit points when you died.